XFBL
PHILADELPHIA PHILLIES @ SAN DIEGO PADRES
03/12/1982
 
TOP OF THE 1ST
Philadelphia Phillies batting - Pitching for San Diego Padres : RHP Brian Allard
Pitching: RHP Brian Allard
Batting: RHB Andy Ramirez 0-0: Fly out, F8 (Flyball, 8RD, EV 73.1 MPH)
Batting: RHB Paul Molitor 0-0: Foul Ball, location: 2F
0-1: Foul Ball, location: 2F
0-2: Ball
1-2: Strikes out swinging
Batting: LHB Tony Gwynn 0-0: Called Strike
0-1: Called Strike
0-2: Ball
1-2: Fly out, F6 (Popup, 6M, EV 56.3 MPH)
Top of the 1st over - 0 runs, 0 hits, 0 errors, 0 left on base; Philadelphia 0 - San Diego 0
BOTTOM OF THE 1ST
San Diego Padres batting - Pitching for Philadelphia Phillies : RHP Al Dopfel
Pitching: RHP Al Dopfel
Batting: RHB Bob Dernier 0-0: Bunted foul
0-1: Ball
1-1: SINGLE (Line Drive, 7S, EV 86.9 MPH)
Batting: RHB Dennis Dungy 0-0: Ball
1-0: Swinging Strike
1-1: Ball
2-1: Ball
3-1: Foul Ball, location: 2F
3-2: Strikes out swinging
Batting: LHB Jerry McDonald 0-0: SINGLE (Groundball, 6D, EV 98.1 MPH)
Bob Dernier to second
Bob Dernier to third
Batting: RHB Joel Youngblood 0-0: Ball
1-0: Called Strike
Jerry McDonald steals 2nd base (no throw)
1-1: Ball
2-1: Ball
3-1: Base on Balls
Batting: LHB Eric Attaway 0-0: Foul Ball, location: 2F
0-1: Called Strike
0-2: Strikes out swinging
Batting: RHB Eddy Martinez 0-0: Ball
1-0: Called Strike
1-1: Ball
2-1: Ball
3-1: Foul Ball, location: 2F
3-2: Base on Balls
Bob Dernier scores
Jerry McDonald to third
Joel Youngblood to second
Batting: RHB Mike Calise 0-0: Called Strike
0-1: Foul Ball, location: 2F
0-2: Strikes out swinging
Bottom of the 1st over - 1 run, 2 hits, 0 errors, 3 left on base; Philadelphia 0 - San Diego 1
TOP OF THE 2ND
Philadelphia Phillies batting - Pitching for San Diego Padres : RHP Brian Allard
Batting: LHB Ken Phelps 0-0: Swinging Strike
0-1: Ball
1-1: Swinging Strike
1-2: Foul Ball, location: 2F
1-2: Ball
2-2: Strikes out swinging
Batting: RHB Andre Dawson 0-0: Called Strike
0-1: Ball
1-1: Ground out 5-3 (Groundball, 5, EV 96.9 MPH)
Batting: LHB Lou Whitaker 0-0: Ball
1-0: Ball
2-0: Foul Ball, location: 2F
2-1: Ground out 4-3 (Groundball, 4, EV 86.9 MPH)
Top of the 2nd over - 0 runs, 0 hits, 0 errors, 0 left on base; Philadelphia 0 - San Diego 1
BOTTOM OF THE 2ND
San Diego Padres batting - Pitching for Philadelphia Phillies : RHP Al Dopfel
Batting: LHB Jeffrey Zitek 0-0: Ball
1-0: Ball
2-0: Swinging Strike
2-1: DOUBLE (Line Drive, 7LS, EV 106.3 MPH)
Batting: RHB Brian Allard 0-0: Called Strike
Jeffrey Zitek steals 3rd, throwing error, E2
Jeffrey Zitek scores
0-1: Fly out, F1 (Line Drive, P, EV 70.0 MPH)
Batting: RHB Bob Dernier 0-0: Ground out 5-3 (Groundball, 5, EV 93.8 MPH)
Batting: RHB Dennis Dungy 0-0: Ball
1-0: Ball
2-0: Ball
3-0: Called Strike
3-1: Base on Balls
Batting: LHB Jerry McDonald 0-0: Ball
1-0: Ball
2-0: Foul Ball, location: 2F
2-1: 2-RUN HOME RUN (Line Drive, 9LD, EV 102.5 MPH), Distance : 370 ft
Batting: RHB Joel Youngblood 0-0: Fly out, F7 (Flyball, 7LM, EV 97.5 MPH)
Bottom of the 2nd over - 3 runs, 2 hits, 1 error, 0 left on base; Philadelphia 0 - San Diego 4
TOP OF THE 3RD
Philadelphia Phillies batting - Pitching for San Diego Padres : RHP Brian Allard
Batting: LHB Rick Lancellotti 0-0: Ball
1-0: Fly out, F8 (Flyball, 8RD, EV 83.1 MPH)
Batting: LHB Clay Hill 0-0: Foul Ball, location: 2F
0-1: Ball
1-1: Foul Ball, location: 2F
1-2: Strikes out swinging
Batting: RHB Al Dopfel 0-0: Swinging Strike
0-1: Called Strike
0-2: Foul Ball, location: 2F
0-2: Ball
1-2: Ball
2-2: Strikes out swinging
Top of the 3rd over - 0 runs, 0 hits, 0 errors, 0 left on base; Philadelphia 0 - San Diego 4
BOTTOM OF THE 3RD
San Diego Padres batting - Pitching for Philadelphia Phillies : RHP Al Dopfel
Batting: LHB Eric Attaway 0-0: Ball
1-0: Foul Ball, location: 2F
1-1: Ground out 5-3 (Groundball, 56, EV 83.8 MPH)
Batting: RHB Eddy Martinez 0-0: Swinging Strike
0-1: Called Strike
0-2: Fly out, F9 (Flyball, 89S, EV 80.6 MPH)
Batting: RHB Mike Calise 0-0: Ball
1-0: SOLO HOME RUN (Flyball, 78XD, EV 95.0 MPH), Distance : 443 ft
Batting: LHB Jeffrey Zitek 0-0: Called Strike
0-1: Called Strike
0-2: SINGLE (Groundball, 4D, EV 96.9 MPH)
Batting: RHB Brian Allard 0-0: Foul Ball, location: 2F
0-1: Ball
1-1: Swinging Strike
1-2: Foul Ball, location: 2F
1-2: Ball
2-2: Ball
3-2: Base on Balls
Jeffrey Zitek to second
Pitching: RHP George Frazier
Batting: RHB Bob Dernier 0-0: Called Strike
0-1: Ball
1-1: Swinging Strike
1-2: SINGLE (Line Drive, 9S, EV 105.6 MPH)
Jeffrey Zitek to third
Brian Allard to second
Runner from 3rd tries for Home, SAFE, throw by RF to home
Batting: RHB Dennis Dungy 0-0: Called Strike
0-1: Fly out, F7 (Flyball, 7S, EV 77.5 MPH)
Bottom of the 3rd over - 2 runs, 3 hits, 0 errors, 2 left on base; Philadelphia 0 - San Diego 6
TOP OF THE 4TH
Philadelphia Phillies batting - Pitching for San Diego Padres : RHP Brian Allard
Batting: RHB Andy Ramirez 0-0: Foul Ball, location: 2F
0-1: SINGLE (Flyball, 5D, EV 85.6 MPH)
Batting: RHB Paul Molitor Pickoff Throw to First - Error! E1
Andy Ramirez to second
0-0: Ball
1-0: Swinging Strike
1-1: DOUBLE (Flyball, 8LXD, EV 95.6 MPH)
Andy Ramirez scores
Batting: LHB Tony Gwynn 0-0: Ball
1-0: SINGLE (Groundball, 56D, EV 105.6 MPH)
Paul Molitor to third
Runner from 3rd tries for Home, SAFE, throw by LF to home
Batting: LHB Ken Phelps 0-0: Called Strike
0-1: Ball
1-1: Foul Ball, location: 2F
1-2: Foul Ball, location: 2F
1-2: Foul Ball, location: 2F
1-2: Ball
2-2: Ball
3-2: Fly out, F7 (Flyball, 78M, EV 95.0 MPH)
Batting: RHB Andre Dawson 0-0: Ball
Tony Gwynn is caught stealing 2nd base 2-4
1-0: Fly out, F8 (Flyball, 8LM, EV 88.8 MPH)
Top of the 4th over - 2 runs, 3 hits, 1 error, 0 left on base; Philadelphia 2 - San Diego 6
BOTTOM OF THE 4TH
San Diego Padres batting - Pitching for Philadelphia Phillies : RHP George Frazier
Batting: LHB Jerry McDonald 0-0: SOLO HOME RUN (Flyball, 89XD, EV 88.1 MPH), Distance : 447 ft
Batting: RHB Joel Youngblood 0-0: Ground out 5-3 (Groundball, 56S, EV 86.9 MPH)
Batting: LHB Eric Attaway 0-0: Ball
1-0: Foul Ball, location: 2F
1-1: Ball
2-1: DOUBLE (Line Drive, 5D, EV 105.6 MPH)
Batting: RHB Eddy Martinez 0-0: Called Strike
0-1: Ball
1-1: Swinging Strike
1-2: Foul Ball, location: 2F
1-2: Ground out 5-3 (Groundball, 5, EV 90.0 MPH)
Batting: RHB Mike Calise 0-0: Ball
1-0: Ball
2-0: Foul Ball, location: 2F
2-1: Ball
3-1: Called Strike
3-2: Base on Balls
Batting: LHB Jeffrey Zitek 0-0: Ball
1-0: Ball
2-0: Foul Ball, location: 2F
2-1: Foul Ball, location: 2F
2-2: Ball
3-2: Foul Ball, location: 2F
3-2: Base on Balls
Eric Attaway to third
Mike Calise to second
Pinch Hitting: RHB Dave Edler 0-0: Ball
1-0: Fielders Choice at 2nd, 6-4 (Groundball, 6, EV 81.3 MPH)
Bottom of the 4th over - 1 run, 2 hits, 0 errors, 3 left on base; Philadelphia 2 - San Diego 7
TOP OF THE 5TH
Philadelphia Phillies batting - Pitching for San Diego Padres : RHP Brian Allard
Pitching: LHP Ed Vande Berg
Batting: LHB Lou Whitaker 0-0: Swinging Strike
0-1: Swinging Strike
0-2: Strikes out swinging
Batting: LHB Rick Lancellotti 0-0: Called Strike
0-1: Ball
1-1: Ball
2-1: Foul Ball, location: 2F
2-2: Foul Ball, location: 2F
2-2: Fly out, F9 (Flyball, 89M, EV 90.0 MPH)
Batting: LHB Clay Hill 0-0: Foul Ball, location: 2F
0-1: Ball
1-1: Swinging Strike
1-2: Strikes out looking
Top of the 5th over - 0 runs, 0 hits, 0 errors, 0 left on base; Philadelphia 2 - San Diego 7
BOTTOM OF THE 5TH
San Diego Padres batting - Pitching for Philadelphia Phillies : RHP George Frazier
Batting: RHB Bob Dernier 0-0: Ball
1-0: Ground out 5-3 (Groundball, 5, EV 106.3 MPH)
Pitching: RHP Tony Villa
Pinch Hitting: RHB Tommy Curran 0-0: Ball
1-0: Called Strike
1-1: Reached on error, E2 (Groundball, 13S, EV 63.1 MPH)
Pinch Hitting: LHB Chris Chambliss 0-0: Ball
1-0: Called Strike
1-1: Ball
2-1: Ground out 4-3 (Groundball, 4, EV 90.6 MPH)
Tommy Curran to third
Pinch Hitting: RHB Heriberto Soltero 0-0: Ball
1-0: Ball
2-0: Foul Ball, location: 2F
2-1: Ground out 4-3 (Groundball, 4, EV 80.0 MPH)
Bottom of the 5th over - 0 runs, 0 hits, 1 error, 1 left on base; Philadelphia 2 - San Diego 7
TOP OF THE 6TH
Philadelphia Phillies batting - Pitching for San Diego Padres : LHP Ed Vande Berg
Now at 1B: Heriberto Soltero
Now in LF: Tom Dunbar
Now in RF: Tommy Curran
Batting: RHB Tony Villa 0-0: Called Strike
0-1: Fly out, F8 (Flyball, 8RD, EV 85.6 MPH)
Batting: RHB Andy Ramirez 0-0: Fly out, F9 (Flyball, 9LD, EV 88.8 MPH)
Batting: RHB Paul Molitor 0-0: Ball
1-0: Called Strike
1-1: Foul Ball, location: 2F
1-2: Ball
2-2: Fly out, F8 (Flyball, 8LM, EV 92.5 MPH)
Top of the 6th over - 0 runs, 0 hits, 0 errors, 0 left on base; Philadelphia 2 - San Diego 7
BOTTOM OF THE 6TH
San Diego Padres batting - Pitching for Philadelphia Phillies : RHP Tony Villa
Batting: LHB Eric Attaway 0-0: Called Strike
0-1: SINGLE (Groundball, 23, EV 83.8 MPH) (infield hit)
Batting: RHB Eddy Martinez 0-0: Called Strike
0-1: Fly out, F9 (Line Drive, 9, EV 95.0 MPH)
Batting: RHB Mike Calise 0-0: Ball
1-0: Fly out, F3 (Popup, 34S, EV 84.4 MPH)
Batting: LHB Jeffrey Zitek 0-0: Swinging Strike
0-1: Foul Ball, location: 2F
0-2: Foul Ball, location: 2F
0-2: Foul Ball, location: 2F
0-2: Ball
1-2: Ball
2-2: Ball
3-2: Ground out 5-3 (Groundball, 56, EV 81.9 MPH)
Bottom of the 6th over - 0 runs, 1 hit, 0 errors, 1 left on base; Philadelphia 2 - San Diego 7
TOP OF THE 7TH
Philadelphia Phillies batting - Pitching for San Diego Padres : LHP Ed Vande Berg
Batting: LHB Tony Gwynn 0-0: Called Strike
0-1: Ball
1-1: Called Strike
1-2: Ball
2-2: Ball
3-2: Ground out 4-3 (Groundball, 4, EV 90.6 MPH)
Batting: LHB Ken Phelps 0-0: Ball
1-0: Called Strike
1-1: Foul Ball, location: 2F
1-2: Ball
2-2: Strikes out swinging
Batting: RHB Andre Dawson 0-0: Ball
1-0: Ball
2-0: DOUBLE (Line Drive, 89M, EV 93.1 MPH)
Pitching: LHP Danny Arizola
Batting: LHB Lou Whitaker 0-0: Ball
1-0: Ball
2-0: Ball
3-0: Base on Balls
Batting: LHB Rick Lancellotti 0-0: Swinging Strike
0-1: Ball
1-1: Ball
2-1: Foul Ball, location: 2F
2-2: Ball
3-2: Strikes out swinging
Top of the 7th over - 0 runs, 1 hit, 0 errors, 2 left on base; Philadelphia 2 - San Diego 7
BOTTOM OF THE 7TH
San Diego Padres batting - Pitching for Philadelphia Phillies : RHP Tony Villa
Pinch Hitting: LHB Darrell Porter 0-0: Called Strike
0-1: Ball
1-1: Foul Ball, location: 2F
1-2: Foul Ball, location: 2F
1-2: Ball
2-2: Foul Ball, location: 2F
2-2: Ball
3-2: Base on Balls
Batting: RHB Bob Dernier 0-0: Called Strike
0-1: Ball
1-1: Foul Ball, location: 2F
1-2: Strikes out swinging
Batting: RHB Tommy Curran 0-0: Called Strike
0-1: Ball
1-1: Ball
2-1: Ball
3-1: Base on Balls
Darrell Porter to second
Batting: LHB Tom Dunbar 0-0: Swinging Strike
0-1: Foul Ball, location: 2F
0-2: Ball
1-2: Foul Ball, location: 2F
1-2: Strikes out swinging
Pitching: RHP Jim Kern
Batting: RHB Heriberto Soltero 0-0: Called Strike
0-1: Ball
1-1: Called Strike
1-2: Fly out, F8 (Flyball, 8RM, EV 85.0 MPH)
Bottom of the 7th over - 0 runs, 0 hits, 0 errors, 2 left on base; Philadelphia 2 - San Diego 7
TOP OF THE 8TH
Philadelphia Phillies batting - Pitching for San Diego Padres : LHP Danny Arizola
Pitching: LHP Jack W O'Connor
Batting: LHB Clay Hill 0-0: Called Strike
0-1: Called Strike
0-2: Foul Ball, location: 2F
0-2: Ground out U3 (Groundball, 3, EV 86.3 MPH)
Pinch Hitting: RHB Candy Maldonado 0-0: Fly out, F6 (Flyball, 56D, EV 88.8 MPH)
Pinch Hitting: LHB Terry Lee 0-0: SINGLE (Groundball, 4MD, EV 95.0 MPH)
Pinch Hitting: RHB Ivan de Jesus 0-0: Called Strike
0-1: Ball
1-1: Foul Ball, location: 2F
1-2: Ball
2-2: Foul Ball, location: 2F
2-2: Foul Ball, location: 2F
2-2: Ball
3-2: Ground out 1-3 (Groundball, 15S, EV 63.8 MPH)
Top of the 8th over - 0 runs, 1 hit, 0 errors, 1 left on base; Philadelphia 2 - San Diego 7
BOTTOM OF THE 8TH
San Diego Padres batting - Pitching for Philadelphia Phillies : RHP Jim Kern
Pitching: LHP Christopher Mayo
Now at 2B: Ivan de Jesus
Now at SS: Terry Lee
Batting: LHB Eric Attaway 0-0: Called Strike
0-1: Ball
1-1: Called Strike
1-2: Foul Ball, location: 2F
1-2: Ball
2-2: Ball
3-2: Strikes out swinging, 2-3 out at first.
Batting: RHB Eddy Martinez 0-0: Called Strike
0-1: Ball
1-1: Foul Ball, location: 2F
1-2: Ball
2-2: Ball
3-2: Strikes out swinging
Batting: RHB Mike Calise 0-0: Ball
1-0: Ball
2-0: Ball
3-0: Base on Balls
Batting: LHB Jeffrey Zitek 0-0: Ball
1-0: Ball
2-0: Ball
3-0: Called Strike
3-1: Base on Balls
Mike Calise to second
Batting: LHB Jack W O'Connor 0-0: Called Strike
0-1: Ball
1-1: Swinging Strike
1-2: Strikes out swinging
Bottom of the 8th over - 0 runs, 0 hits, 0 errors, 2 left on base; Philadelphia 2 - San Diego 7
TOP OF THE 9TH
Philadelphia Phillies batting - Pitching for San Diego Padres : LHP Jack W O'Connor
Pinch Hitting: LHB Ty Gainey 0-0: Ball
1-0: Foul Ball, location: 2F
1-1: Foul Ball, location: 2F
1-2: Foul Ball, location: 2F
1-2: Foul Ball, location: 2F
1-2: Hit by Pitch
Pinch Hitting: LHB Randy Bush 0-0: Ball
1-0: Ball
2-0: Foul Ball, location: 2F
2-1: Foul Ball, location: 2F
2-2: Foul Ball, location: 2F
2-2: SINGLE (Line Drive, 8LS, EV 95.0 MPH)
Ty Gainey to second
Pinch Hitting: LHB Andy Guerrero 0-0: Ball
1-0: Fielders Choice at 2nd, 4-6 (Groundball, 4, EV 95.6 MPH)
Ty Gainey to third
Pinch Hitting: RHB Dan Thomas 0-0: 3-RUN HOME RUN (Flyball, 7D, EV 103.8 MPH), Distance : 392 ft
Pitching: RHP Raymond Prince
Pinch Hitting: RHB Derrell Baker 0-0: Called Strike
0-1: Ground out 6-3 (Groundball, 56D, EV 104.4 MPH)
Pinch Hitting: RHB Jody Davis 0-0: Ball
1-0: Called Strike
1-1: SINGLE (Groundball, 34D, EV 100.6 MPH)
Pinch Hitting: LHB Terry Bogener 0-0: Ball
1-0: Called Strike
1-1: Called Strike
1-2: Ball
Passed Ball!
Jody Davis to second
2-2: Ball
3-2: Fly out, F8 (Line Drive, 8LD, EV 96.9 MPH)
Top of the 9th over - 3 runs, 3 hits, 0 errors, 1 left on base; Philadelphia 5 - San Diego 7
Tuesday, July 14th, 2020 - OOTP Baseball 21.4 Build 63